 Dungeon Crawl Stone Soup version 0.19-a0-1254-gb9c29c0 (webtiles) character file.

1409 junb69 the Spear-Bearer (level 8, -7/69 HPs)
             Began as a Merfolk Gladiator on Aug 27, 2016.
             Mangled by an orc warrior
             ... wielding a +0 halberd
              (24 damage)
             ... on level 6 of the Dungeon.
             The game lasted 00:14:40 (6392 turns).

junb69 the Spear-Bearer (Merfolk Gladiator)         Turns: 6392, Time: 00:14:40

Health: -7/69      AC:  8    Str: 18    XL:     8   Next: 70%
Magic:  8/8        EV: 14    Int:  7    God:
Gold:   199        SH:  0    Dex: 14    Spells: 0 memorised, 7 levels left

rFire  + . .     SeeInvis .     a - +0 trident
rCold  . . .     Gourm    .     p - +2 leather armour {rF+}
rNeg   . . .     Faith    .     (no shield)
rPois  .         Spirit   .     c - +0 helmet
rElec  .         Dismiss  .     m - +0 cloak
rCorr  .         Reflect  .     (no gloves)
MR     .....     Harm     .     n - +0 pair of boots
Stlth  +.........               e - amulet of magic regeneration
                                (no ring)
                                (no ring)

@: drained
A: change form in water, swift swim, stealthy swim
a: no special abilities


You were on level 6 of the Dungeon.
You were near starving.

You visited 1 branch of the dungeon, and saw 6 of its levels.

You collected 199 gold pieces.

Inventory:

Hand Weapons
 a - a +0 trident (weapon)
Missiles
 o - 5 needles of confusion
 A - a throwing net (quivered)
Armour
 c - a +0 helmet (worn)
 m - a +0 cloak (worn)
 n - a +0 pair of boots (worn)
 p - a +2 leather armour of fire resistance (worn)
 w - a +0 scale mail
Jewellery
 e - an amulet of magic regeneration (around neck)
Wands
 d - a wand of teleportation (8/9)
Scrolls
 q - 2 scrolls of teleportation {unknown}
 v - 2 scrolls of magic mapping {unknown}
 y - 3 scrolls of identify
 z - a scroll of torment {unknown}
 B - 2 scrolls of remove curse
 C - a scroll of enchant armour {unknown}
Potions
 b - a potion of lignification {unknown}
 h - a potion of flight {unknown}
 i - a potion of ambrosia {unknown}
 j - a potion of brilliance
 k - 3 potions of curing
 l - a potion of heal wounds {unknown}
 r - a potion of cancellation {unknown}
 x - a potion of haste {unknown}
Comestibles
 f - 6 bread rations
 g - a slice of pizza
 s - 2 beef jerkies
 t - a royal jelly
 u - a meat ration


   Skills:
 * Level 8.4(7.4) Fighting
 - Level 10.4(9.3) Polearms
 - Level 2.0(1.1) Throwing
 * Level 5.5(4.5) Dodging


You had 7 spell levels left.
You didn't know any spells.

Dungeon Overview and Level Annotations

Branches:
Dungeon (6/15)
 Temple: D:4-7

Altars:
Fedhas
Nemelex Xobeh
Qazlal
Ru


Message History

The orc priest invokes the aid of Beogh against you.
Pain shoots through your body!
The orc priest calls down the wrath of Beogh upon you.
Beogh smites you!
The orc priest invokes the aid of Beogh against you.
Beogh smites you!
There is an open door here.
An orc wizard opens the door.
The orc warrior hits you from afar with a halberd!
The orc wizard casts a spell at you. The magic dart hits you!
* * * LOW HITPOINT WARNING * * *
The orc wizard mumbles some strange words.
The orc wizard blinks!
The orc priest calls down the wrath of Beogh upon you.
Beogh smites you!
* * * LOW HITPOINT WARNING * * *
You feel better.
The orc warrior hits you from afar with a halberd!!
You die...

#+######+###..#...............
##...##...[....#...............
#..........o...#...............
#..........##..#...............
##...###'####'##...............
#...#......#oo+...............
+...'......#oo#...............
#...#..o...####.........######
#######.o...oo.@..........#
.........####.............#
.........# #.............#
.........# #........)....#
.........# #........<....#
.........# #####.........#####
.........# #..#.............#
####+##### #..#.............#
#..#.............#


You could see an orc warrior, an orc priest, an orc wizard and an orc.

Vanquished Creatures
  Sigmund (D:5)
  A sky beast (D:5)
  2 ogres (D:5)
  3 scorpions
  3 wights
  2 crimson imps (D:5)
  2 giant frog skeletons
  2 orc wizards
  2 orc priests
  A hound (D:4)
  2 iguanas (D:4)
  Terence (D:3)
  5 worker ants
  A hound zombie (D:5)
  4 gnolls
  10 adders
  An adder skeleton (D:4)
  An adder zombie (D:5)
  A worm (D:2)
  A dart slug (D:5)
  4 giant geckos
  16 orcs
  2 giant cockroaches (D:3)
  8 goblins
  4 hobgoblins
  8 kobolds
  A quokka (D:2)
  10 bats
  3 giant newts
  A quokka skeleton (D:4)
  4 rats
107 creatures vanquished.

Notes
Turn   | Place    | Note
-------+----------+-------------------------------------------
     0 | D:1      | junb69 the Merfolk Gladiator began the quest for the Orb.
     0 | D:1      | Reached XP level 1. HP: 16/16 MP: 1/1
   230 | D:1      | Reached XP level 2. HP: 22/23 MP: 2/2
  1051 | D:2      | Reached skill level 5 in Polearms
  1051 | D:2      | Reached XP level 3. HP: 29/29 MP: 3/3
  1401 | D:2      | Found a sparkling altar of Nemelex Xobeh.
  1675 | D:2      | Found a blossoming altar of Fedhas.
  1973 | D:2      | Reached XP level 4. HP: 37/37 MP: 4/4
  2344 | D:2      | Reached skill level 6 in Polearms
  2506 | D:3      | Reached XP level 5. HP: 31/43 MP: 5/5
  3519 | D:3      | Noticed Terence
  3528 | D:3      | Found a sacrificial altar of Ru.
  3533 | D:3      | Killed Terence
  3533 | D:3      | Reached skill level 5 in Fighting
  3533 | D:3      | Reached skill level 7 in Polearms
  3535 | D:3      | Reached XP level 6. HP: 51/51 MP: 6/6
  3909 | D:4      | Found a stormy altar of Qazlal.
  4111 | D:4      | Reached skill level 8 in Polearms
  4440 | D:4      | Reached XP level 7. HP: 52/58 MP: 7/7
  4693 | D:5      | Entered Level 5 of the Dungeon
  4955 | D:5      | Reached skill level 9 in Polearms
  4972 | D:5      | Noticed Sigmund
  4993 | D:5      | Killed Sigmund
  5118 | D:5      | Reached XP level 8. HP: 48/67 MP: 8/8
  5350 | D:5      | Reached skill level 10 in Polearms
  5881 | D:5      | Reached skill level 5 in Dodging
  6392 | D:6      | Mangled by an orc warrior

Vault maps used:
D:1:      dpeg_arrival_rooms_a
D:2:      grunt_temple_overflow_open
D:3:      nicolae_ru_path_of_blood, first_bread, kennysheep_another_room,
          uniq_terence
D:4:      minivault_24, grunt_qazlal_clouds
D:5:      uniq_sigmund

Skill      XL: |  1  2  3  4  5  6  7  8 |
---------------+-------------------------+-----
Fighting       | 3 4 5 6 7 8 |  8.4
Polearms       | 5 6 7 8 9 10 | 10.4
Dodging        | 5 |  5.5
Throwing       | |  2.0

Action                   |  1- 3 |  4- 6 |  7- 9 || total
-------------------------+-------+-------+-------++-------
Melee: Trident           |    99 |   202 |   183 ||   484
Throw: Throwing net      |     2 |     1 |     1 ||     4
  Use: Scroll            |       |     7 |     1 ||     8
       Potion            |       |       |     1 ||     1
 Stab: Sleeping          |     1 |     1 |       ||     2
       Held in net/web   |       |       |     1 ||     1
       Distracted        |       |       |     1 ||     1
  Eat: Chunk             |     3 |     8 |     5 ||    16
Armor: Leather armour    |    25 |    48 |    35 ||   108
Dodge: Dodged            |    53 |   112 |    78 ||   243
